Cogmind - Beta 16 @@@ ROGUE MODE // 2026.01.15 @ 13:11:40 Player: noklam Result: Destroyed by Y-45 Defender with Heavy Assault Rifle Performance ------------- Evolutions (2) 1000 Regions Visited (3) 600 Robots Destroyed (35) 175 Value Destroyed (678) 678 Prototype IDs (4) 80 Alien Tech Used (0) 0 Bonus (216) 216 TOTAL SCORE: 2749 Bonus ------- Pacifist 200 High Alert Combat Kills 16 Cogmind --------- Core Integrity 0/550 Matter 125/300 Energy 10/140 System Corruption 0% Temperature Cool (9) Movement Core (100) Ox1 Location -8/Materials Parts ------- > --- POWER (2) -------- Light Deuterium Engine > --- PROPULSION (2) --- (None) > --- UTILITY (4) ------ Small Storage Unit Weight Redist. System Improved Terrain Scanner > --- WEAPON (3) ------- Mini Grenade Launcher > --- INVENTORY (8) ---- Remote Datajack Peak State ------------ > --- POWER ------------ Backup Power I Heavy Ion Engine > --- PROPULSION ------- VTOL Module VTOL Module > --- UTILITY ---------- Small Storage Unit Weight Redist. System Terrain Scan Processor Reaction Control System > --- WEAPON ----------- Mini Grenade Launcher Mini Grenade Launcher Mini Grenade Launcher > --- INVENTORY -------- VTOL Module VTOL Module VTOL Module Mini Grenade Launcher Mini Grenade Launcher Mining Claw [Rating: 23] Favorites ----------- Power Ion Engine Engine Ion Engine Power Core Light Nuclear Core Propulsion VTOL Module Leg Carbon-fiber Leg Wheel Wheel Flight Unit VTOL Module Utility Small Storage Unit Device Weight Redist. System Storage Small Storage Unit Processor Terrain Scan Processor Protection Hardened Light Armor Plating Weapon Mini Grenade Launcher Ballistic Gun Assault Rifle Launcher Mini Grenade Launcher Slashing Weapon Mining Claw Build | -11 -10 -9 -8 ------- Run | Yrd Mat Mat Mat Slots Evolved 4 | . . 2 2 Power 1 | . . 1 . Propulsion . | . . . . Utility 2 | . . 1 1 Weapon 1 | . . . 1 Parts Attached 45 | 7 3 19 16 Power 13 | 1 1 7 4 Engine 12 | 1 1 7 3 Core 1 | . . . 1 Reactor . | . . . . Propulsion 13 | 2 . 6 5 Treads . | . . . . Leg 2 | . . 2 . Wheel 2 | 2 . . . Hover . | . . . . Flight 9 | . . 4 5 Utility 10 | 1 2 3 4 Device 6 | . 2 1 3 Storage 2 | 1 . 1 . Processor 1 | . . 1 . Hackware . | . . . . Protection 1 | . . . 1 Artifact . | . . . . Weapon 9 | 3 . 3 3 Energy Gun . | . . . . Energy Cannon . | . . . . Ballistic Gun 3 | 3 . . . Ballistic Cannon . | . . . . Launcher 5 | . . 2 3 Special Weapon . | . . . . Impact Weapon . | . . . . Slashing Weapon 1 | . . 1 . Piercing Weapon . | . . . . Special Melee Weapon . | . . . . Unidentified Prototypes 3 | . . 3 . Parts Lost 23 | . . 7 16 Power 6 | . . 3 3 Propulsion 9 | . . 2 7 Utility 4 | . . 2 2 Weapon 4 | . . . 4 Highest Loss Streak 12 | . . 3 12 To Critical Strikes . | . . . . Average Backups 5 | 1 4 7 4 Power . | . 1 . . Propulsion 1 | . 1 2 2 Utility . | . . . . Weapon 2 | . 1 3 1 Tool/Special . | . . . . Unused Backups 6 | . 2 3 1 Power . | . . . . Propulsion 5 | . 2 3 . Utility . | . . . . Weapon . | . . . . Tool/Special 1 | . . . 1 Average Slot Usage (%) 87 | . 94 95 64 Engine 16 | . 14 19 9 Leg 6 | . . 10 . Wheel 4 | . 26 1 . Flight 8 | . . 9 10 Device 10 | . 11 8 14 Storage 15 | . 14 18 9 Processor 3 | . . 5 2 Ballistic Gun 9 | . 25 8 . Launcher 11 | . . 11 17 Peak Build Rating 23 | 6 7 19 23 Average Rating 13 | 4 6 15 13 On Entrance 7 | . 6 7 18 Avg Prop Armor Cover (%) . | . . . . Naked Turns . | . . . . Heaviest Build 24 | 14 15 24 19 Greatest Support 30 | 20 20 30 14 Greatest Overweight (x) 3 | 3 1 3 1 Average Overweight (x) . | . . . . Largest Inventory Capacity 8 | 8 8 8 8 Average Capacity 7 | 7 8 8 8 Most Carried 8 | 4 5 8 8 Average Carried 5 | 1 4 7 4 Final Capacity 8 | 8 8 8 8 Final Carried 7 | 4 5 7 1 Class Distribution -------------------- 89% | Mutant 5% | Sprinter Dominant Class ---------------- Mutant | -10/Materials Mutant | -9/Materials Mutant | -8/Materials Resources | -11 -10 -9 -8 ----------- Run | Yrd Mat Mat Mat Matter Collected 956 | 228 . 355 373 Remotely 175 | . . 175 . Salvage Created 589 | . . 482 107 Parts 65 | . . 42 23 Haulers Intercepted 3 | . . 3 . Recyclers Shooed . | . . . . Parts Field Recycled . | . . . . Retrieved Matter . | . . . . Parts Self-Destructed . | . . . . Prevented . | . . . . Parts Restored . | . . . . Kills | -11 -10 -9 -8 ------- Run | Yrd Mat Mat Mat Combat Hostiles Destroyed 26 | . . 19 7 Melee 1 | . . 1 . Guns 1 | . . 1 . AOE 24 | . . 17 7 Classes Destroyed 8 | . . 6 2 Worker 1 | . . . 1 Builder 4 | . . 3 1 Hauler 3 | . . 3 . Recycler 1 | . . 1 . Swarmer 16 | . . 12 4 Grunt 5 | . . 5 . Sentry 2 | . . 2 . Hunter 3 | . . . 3 Best Kill Streak 18 | . . 18 5 Combat Bots Only 12 | . . 12 4 Max Kills in Single Turn 5 | . . 5 3 Gunslinging . | . . . . Exploded 4 | . . 4 2 Melee 1 | . . 1 . Uniques/NPCs Destroyed . | . . . . Combat | -11 -10 -9 -8 -------- Run | Yrd Mat Mat Mat Hostile Shots Fired 178 | . . 114 64 Missed 63 | . . 42 21 Hits 115 | . . 72 43 Projectile 115 | . . 72 43 Critical Strikes 2 | . . 1 1 Damage Taken 2093 | . . 940 1153 Core 869 | . . 304 565 Absorbed by Shields . | . . . . Core Remaining (%) 74 | 100 100 24 . Volleys Fired 32 | . . 17 15 Largest 3 | . . 2 3 Hottest 90 | . . 60 90 Shots Fired 55 | . . 32 23 Gun 10 | . . 10 . Cannon . | . . . . Launcher 45 | . . 22 23 Special . | . . . . Kinetic 10 | . . 10 . Thermal . | . . . . Explosive 45 | . . 22 23 Electromagnetic . | . . . . Robot Hit Streak 23 | . . 15 23 Robot Miss Streak 4 | . . 4 2 Penetration Max . | . . . . Secondary Targets . | . . . . Shots Hit Robots 34 | . . 20 14 Core Hits 51 | . . 30 21 Critical Kills . | . . . . Critical Parts Destroyed . | . . . . Critical Strikes . | . . . . Melee Attacks 2 | . . 2 . Impact . | . . . . Slashing 2 | . . 2 . Piercing . | . . . . Sneak Attacks . | . . . . Combat Hostiles . | . . . . Follow-up Attacks . | . . . . Damage Inflicted 2304 | . . 1329 975 Guns 77 | . . 77 . Cannons . | . . . . Explosions 2197 | . . 1222 975 Melee 25 | . . 25 . Ramming 5 | . . 5 . Kinetic 77 | . . 77 . Thermal . | . . . . Explosive 2197 | . . 1222 975 Electromagnetic . | . . . . Impact . | . . . . Slashing 25 | . . 25 . Piercing . | . . . . Highest Corruption . | . . . . Average Corruption . | . . . . Corruption Purged . | . . . . Corruption Blocked . | . . . . Overload Shots . | . . . . Overflow Damage 53 | . . 32 21 Projectiles . | . . . . Explosions 53 | . . 32 21 Melee . | . . . . Knockbacks . | . . . . Impact . | . . . . Kinetic . | . . . . Secondary . | . . . . Self-Inflicted Damage 399 | . . 207 192 Shots 17 | . . 9 8 Rammed 1 | . . 1 . Targets Rammed 1 | . . 1 . Kicked . | . . . . Crushed . | . . . . Highest Temperature 21 | . . 21 10 Average Temperature 8 | . . 7 9 Received Heat Transfer 258 | . . 150 108 Siege Activations . | . . . . Martial Activations . | . . . . Shielding Activations . | . . . . Robots Disrupted . | . . . . Combat Hostiles . | . . . . Robots Corrupted . | . . . . Combat Hostiles . | . . . . Parts Fried . | . . . . Impact Corruptions . | . . . . Robots Melted . | . . . . Combat Hostiles . | . . . . Parts Melted . | . . . . Heat Transferred . | . . . . Parts Sabotaged . | . . . . Parts Stolen . | . . . . Parts Stripped . | . . . . Power Chain Reactions . | . . . . Alert | -11 -10 -9 -8 ------- Run | Yrd Mat Mat Mat Maximum Alert Level 2 | . . 2 1 Low Security (%) 52 | 100 100 43 32 Level 1 28 | . . 22 67 Level 2 19 | . . 33 . Level 3 . | . . . . Level 4 . | . . . . Level 5 . | . . . . High Security . | . . . . Max Security . | . . . . Peak Influence 494 | . 15 494 295 Initial 177 | . . . 177 Average 186 | . 1 236 223 Influence Increases 1121 | . 15 708 398 Destroy 0b10 Robot/C 520 | . . 380 140 Destroy 0b10 Robot/NC 45 | . . 35 10 Destroy Leader 126 | . . 86 40 Successful Hack 17 | . . . 17 Disable Machine 90 | . . 75 15 Destroy Structure 248 | . . 117 131 Partial Spotted 30 | . 15 . 15 Lose Combat Pursuer 45 | . . 15 30 Influence Decreases 856 | . 15 287 554 Entered New Map 244 | . . . 244 Time Decay 382 | . 15 217 150 Lost Part 230 | . . 70 160 Squads Dispatched 7 | . . 3 4 Investigation 2 | . . 2 . Extermination . | . . . . Reinforcement 5 | . . 1 4 Assault . | . . . . Garrison . | . . . . Intercept . | . . . . Searches Triggered . | . . . . Construction Impeded 1 | . . . 1 Haulers Reinforced . | . . . . Active Scanning Responses . | . . . . Cargo Convoy Interrupts . | . . . . Stealth | -11 -10 -9 -8 --------- Run | Yrd Mat Mat Mat Distress Signals 4 | . . 1 3 Communications Jammed . | . . . . Distress Signals . | . . . . Times Spotted 44 | . 1 26 17 Peak Tracking Total 7 | . 2 7 6 Tactical Retreats 3 | . . 1 2 Traps | -11 -10 -9 -8 ------- Run | Yrd Mat Mat Mat Traps Triggered 5 | . 3 2 . Indirectly . | . . . . Trap Hack Attempts . | . . . . Triggered . | . . . . Disarmed . | . . . . Reprogrammed . | . . . . Reused . | . . . . Traps Extracted . | . . . . Installed . | . . . . Triggered . | . . . . Machines | -11 -10 -9 -8 ---------- Run | Yrd Mat Mat Mat Machines Disabled 6 | . . 5 1 Max in Single Turn 2 | . . 2 1 Machines Repaired . | . . . . Machines Dismantled . | . . . . Machines Sabotaged . | . . . . Overloaded Fab Kills . | . . . . Hacking | -11 -10 -9 -8 --------- Run | Yrd Mat Mat Mat Machines Accessed 4 | . 1 1 2 Terminals 3 | . 1 . 2 Fabricators . | . . . . Repair Stations . | . . . . Recycling Units . | . . . . Scanalyzers 1 | . . 1 . Garrison Access . | . . . . Total Hacks 10 | . 3 3 4 Successful 4 | . 1 . 3 Failed 6 | . 2 3 1 Catastrophic . | . . . . Database Lockouts . | . . . . Manual . | . . . . Terminals 7 | . 3 . 4 Fabricators . | . . . . Repair Stations . | . . . . Recycling Units . | . . . . Scanalyzers 3 | . . 3 . Garrison Access . | . . . . Terminal Hacks 4 | . 1 . 3 Prototype ID Bank 1 | . . . 1 Emergency Access Points 1 | . 1 . . Locate Traps 1 | . . . 1 Recall Reinforcements 1 | . . . 1 Fabricator Hacks . | . . . . Repair Station Hacks . | . . . . Recycling Unit Hacks . | . . . . Scanalyzer . | . . . . Garrison Access Hacks . | . . . . Unauthorized Hacks . | . . . . Terminals . | . . . . Fabricators . | . . . . Repair Stations . | . . . . Recycling Units . | . . . . Scanalyzers . | . . . . Garrison Access . | . . . . Data Cores Recovered . | . . . . Used . | . . . . Hacking Detections 3 | . 1 1 1 Full Trace Events 1 | . . 1 . Feedback Events . | . . . . Feedback Blocked . | . . . . Robot Schematics Acquired . | . . . . Robots Built . | . . . . Authchips . | . . . . Time . | . . . . Total Robot Build Rating . | . . . . Part Schematics Acquired . | . . . . Parts Built . | . . . . Authchips . | . . . . Time . | . . . . Total Part Build Rating . | . . . . Part Studies Acquired . | . . . . Parts Repaired . | . . . . Time . | . . . . Parts Recycled . | . . . . Recycled Matter . | . . . . Retrieved Matter . | . . . . Retrieved Components . | . . . . Parts Scanalyzed . | . . . . Part Schematics Acquired . | . . . . Parts Damaged . | . . . . Bothacking | -11 -10 -9 -8 ------------ Run | Yrd Mat Mat Mat Used RIF Installer . | . . . . Robots Hacked . | . . . . Non-combat . | . . . . Combat . | . . . . Robot Hacks Applied . | . . . . Relay Couplers Released . | . . . . Fabnet Peak Effective % . | . . . . Robots Rewired . | . . . . Allies Hacked . | . . . . Hacks Repelled . | . . . . Allies | -11 -10 -9 -8 -------- Run | Yrd Mat Mat Mat Total Allies . | . . . . Largest Group . | . . . . Highest-Rated Group . | . . . . Highest-Rated Ally . | . . . . Total Orders . | . . . . Ally Attacks . | . . . . Total Damage . | . . . . Kills . | . . . . Allies Corrupted . | . . . . Allies Melted . | . . . . Intel | -11 -10 -9 -8 ------- Run | Yrd Mat Mat Mat Active Infowar (turns) 52 | . . . 52 Terrain 30 | . . . 30 Traps 22 | . . . 22 Robot Analysis Total . | . . . . Derelict Logs Recovered . | . . . . Drone Launches . | . . . . Drone Recoveries . | . . . . Exploration | -11 -10 -9 -8 ------------- Run | Yrd Mat Mat Mat Turns Passed 1289 | 63 193 724 309 Spaces Moved 1161 | 59 214 502 386 Core 124 | 10 . 11 103 Treads . | . . . . Legs 225 | . . 225 . Wheels 294 | 49 214 31 . Hover . | . . . . Flight 518 | . . 235 283 Fastest Speed 32 | 50 80 80 32 Average Speed 88 | 83 80 118 54 Slowest Speed 260 | 200 95 260 120 Overloaded Moves . | . . . . Propulsion Burnouts . | . . . . Robots Hopped 1 | . . . 1 Potential Cave-ins . | . . . . Cave-ins Triggered . | . . . . Exploration Rate (%) 30 | 3 29 51 38 Regions Visited 3 Branch Regions . Pre-discovered Areas . | . . . . Known Exits Taken . | . . . . Unknown Exits Taken 3 | 1 1 1 . Scrap Searched . | . . . . Spaces Dug . | . . . . Terrain Destroyed 293 | . . 150 143 Melee . | . . . . Projectile . | . . . . AOE 293 | . . 150 143 Terrain Rammed . | . . . . Walls Destroyed . | . . . . Machines Disabled . | . . . . Actions | -11 -10 -9 -8 --------- Run | Yrd Mat Mat Mat Total 1355 | 69 231 593 462 Wait 55 | . . 21 34 Move 1156 | 58 213 501 384 Hop 1 | . . . 1 Pick Up 27 | 4 3 16 4 Fast Attach 26 | 5 8 8 5 Attach 15 | 1 1 3 10 Detach 3 | . 1 . 2 Swap 16 | 1 2 10 3 Drop 21 | . 3 14 4 Fire 32 | . . 17 15 Melee 2 | . . 2 . Ram 1 | . . 1 . Kick . | . . . . Crush . | . . . . Escape Stasis . | . . . . Rewire . | . . . . Trap . | . . . . Miscellaneous . | . . . . Route ------- -11/Scrapyard -10/Materials -9/Materials -8/Materials History --------- Turn | Location | Event 19 | -11/Scrapyard | Discovered new exit (range 16) 64 | -11/Scrapyard | Entered Materials 188 | -10/Materials | Discovered new exit (range 4) 257 | -10/Materials | Entered another Materials area 257 | -9/Materials | Evolved 2 slots: Power x1, Utility x1 310 | -9/Materials | Build established: Mutant 615 | -9/Materials | Destroyed 12 combat bots 616 | -9/Materials | Lost 3 parts (2p1u) 730 | -9/Materials | Core integrity fell below 50% 757 | -9/Materials | Lost 3 parts (1p1n1u) 966 | -9/Materials | Discovered new exit (range 14) 981 | -9/Materials | Entered another Materials area 981 | -8/Materials | Evolved 2 slots: Utility x1, Weapon x1 1146 | -8/Materials | Lost 3 parts (1p1n1u) 1169 | -8/Materials | Core integrity fell below 50% 1221 | -8/Materials | Core integrity fell below 20% 1237 | -8/Materials | Lost 12 parts (2p6n1u3w) 1290 | -8/Materials | Destroyed by Y-45 Defender with Heavy Assault Rifle Last Messages --------------- 01219_ Penetrated by Slug. 01224_ H-55 Commando destroyed. 01227_ Acquired 29 matter. 01233_ Connecting with Terminal... >>Recall(Reinforcements) Establishing remote squad link... No tasked reinforcement squads found. >>Traps(Locate) Found 6 traps in 1 array: 6x Alarm Trap Map updated. 01236_ K-01 Serf cleans the Fusion Modulator. 01241_ O-16 Technician: "IFF HANDSHAKE FAILED. SECURING TERMINAL." 01245_ K-01 Serf cleans the Fusion Modulator. 01259_ ALERT: Hostiles spotted, dispatching reinforcements to Terminal M005. 01262_ W-25 Informer sends out distress signal. 01267_ K-01 Serf collects debris. 01289_ Acquired Lgt. Deuterium Engine. Map ----- +----------------------------------------------------+ | ????????????????????????????##### """ | | ??????????????????????????? """ | | ??????????????????????????? ^ ####### | | ??????????????????????????? # != | | ????????????????????????????#### """ # != | | ???????????????????????????????# ^ """ + | | ???????????????????????????????# """ # | | ##### #??????????????????????# ^ ####### | | #??????????????????????# ##? | | #??????????????????????# ^ ^ # """ | | #??????????????????????# # """ | | ##### ##??????????????????????# !![ + """ | | ???????????????????????????????# !![ # | | ???????????????????????????????# ![[ # " " | | ???????????????????????????????# ######+###?"Y" | | ???????????????????????????????# # #?""" | | ???????????????????????????????+ + #?? | | ???????????????????????????????# # #??### | | ???????????????????????????????# # #????? | | ???????????????????????????????# # #????? | | ????????????????????????######## # #????? | | ????????????????????????# # # #????? | | ????????????????????????# # # #????? | | ????????????????????????# """ x # #????? | | ????????????????????????# """ # ##########????? | | ????????????????????????#@ """ # #?????????????? | | ????????????????????????# Y # #?????????????? | | ????????????????????????######## #?????????????? | | ???????????????????????????????# #?????????????? | | ???????????????????????????????# #?????????????? | | ???????????????????????????????+ +?????????????? | | ???????????????????????????????# #?????????????? | | ???????????????????????????????? #?????????????? | | ???????????????????????????????? #?????????????? | | ???????????????????????????????? #?????????????? | | ???????????????????????????????? #?????????????? | | ???????????????????????????????? #?????????????? | | ???????????????????????????????? ??????????????? | | ?????????????????????????????????????????????????? | | ?????????????????????????????????????????????????? | | ?????????????????????????????????????????????????? | | ?????????????????????????????????????????????????? | | ?????????????????????????????????????????????????? | | ?????????????????????????????????????????????????? | | ?????????????????????????????????????????????????? | | ?????????????????????????????????????????????????? | | ?????????????????????????????????????????????????? | | ?????????????????????????????????????????????????? | | ?????????????????????????????????????????????????? | | ?????????????????????????????????????????????????? | +----------------------------------------------------+ Best States ------------- Heat Dissipation 35 Energy Generation 19 Energy Capacity 430 Matter Stores 300 Matter Capacity 350 Sight Range 16 Terrain Scan Range 16 Terrain Scan Density 85 Additional Mass Support 6 Evasion (%) 71 Item Schematics ----------------- None Robot Schematics ------------------ None Fabricated ------------ Nothing Repaired ---------- Nothing Studied --------- None Alien Tech Used ----------------- None Achievements -------------- Resistances Are Futile Use The Force Challenges ------------ None Game ------ Seed CommNullDisintegrator Manual? 0 Play Time 00:25:13 Cumulative 13.8 hours Start 2026.01.15 @ 12:46:51 End 2026.01.15 @ 13:11:40 Sessions 1 Manual Loads 0 Difficulty Rogue Special Mode None Game No. 22 Rogue 22 Adventurer 0 Explorer 0 Win Type - Total 0 Types 0/0/0/0/0/0/0/0/0/0 Lore% 9 Gallery% 18 Achievement% 12 Wizard Run 0 Options --------- Layout 1 ASCII 0 Keyboard 1 Movement Vi Keybinds 0 Fullscreen 1 Font 32/SmallcapsGlow Map View 50x35 Zoom Use 0% Tactical HUD 1 Map Filters NONE Filters NONE Steam 1 RUN: 81da3fe7-b8d6-4add-b034-206973e98e75